Map: Invader LE

Players

CBASTIEN

  • Race: Zerg Zerg
  • League: Gold

capac - Winner!

  • Race: Terran Terran
  • League: Gold

VOD

Have the link to the VOD?

Description

Time

  • Played on: April 30, 2016, 12:16 p.m.
  • Length: 11:47
Show
View Real Time Build Order
Export as new Build Order

CBASTIEN Zerg 

Build Orders: Hatch First 

Get SALT Encoding   

  12  0:01  Drone  
  13  0:12  Overlord  
  13  0:18  Drone  
  13  0:21  Extractor  
  13  0:23  Drone  
  15  0:33  Drone  
  16  0:35  Drone  
  17  0:56  Hatchery  
  16  0:58  Drone  
  16  1:01  Extractor  
  16  1:07  Drone  
  16  1:08  Drone  
  18  1:19  Overlord  
  18  1:34  Spawning Pool  
  17  1:52  Drone x2  
  17  1:53  Drone  
  20  1:59  Extractor  
  19  2:11  Drone x2  
  19  2:15  Overlord  
  21  2:21  Queen  
  21  2:22  Metabolic Boost  
  23  2:31  Queen  
  23  2:36  Drone  
  26  2:41  Drone x2  
  28  2:45  Zergling x2  
  29  3:00  Spine Crawler  
  29  3:03  Spine Crawler  
  27  3:23  Lair  
  27  3:25  Drone  
  28  3:28  Drone x4  
  32  3:35  Extractor  
  31  3:45  Drone  
  31  3:46  Drone x4  
  36  3:51  Extractor  
  35  3:59  Drone  
  35  4:00  Spore Crawler  
  35  4:07  Drone x2  
  35  4:08  Drone x3  
  40  4:21  Overlord  
  40  4:34  Drone  
  40  4:37  Drone  
  40  4:38  Drone x2  
  44  4:42  Spire, Drone  
  44  4:54  Drone x4  
  44  4:55  Drone  
  44  4:57  Drone x3  
  52  5:05  Overlord  
  52  5:07  Overseer  
  52  5:26  Extractor x2  
  52  5:27  Hatchery  
  49  5:32  Overlord  
  49  5:45  Drone  
  49  5:46  Drone x10  
  60  5:59  Mutalisk x4  
  68  6:14  Overlord x2  
  68  6:33  Mutalisk x8  
  84  6:41  Queen  
  86  6:47  Mutalisk x2  
  86  6:50  Overlord x3  
  90  6:54  Zerg Flyer Weapons Level 1  
  83  7:27  Zergling x2  
  83  7:28  Zergling x20  
  86  7:40  Baneling Nest  
  58  8:12  Spine Crawler x2  
  55  8:14  Spine Crawler  
  55  8:15  Spine Crawler  
  55  8:16  Spine Crawler x3  
  43  8:21  Drone x2  
  43  8:22  Drone  
  32  8:41  Hatchery  
  32  8:46  Hatchery  
  27  8:48  Zerg Flyer Armor Level 1  
  25  9:15  Hatchery  
Show
View Real Time Build Order
Export as new Build Order

capac Terran - Winner!

Build Orders: Reaper Expand, MMM Bio 

Get SALT Encoding   

  12  0:00  SCV  
  13  0:13  SCV  
  14  0:18  Supply Depot  
  14  0:25  SCV  
  15  0:40  SCV  
  15  0:41  Barracks  
  16  0:50  Refinery  
  16  0:52  SCV  
  17  1:04  SCV  
  18  1:16  SCV  
  19  1:29  Orbital Command  
  19  1:33  Reaper  
  20  1:41  Command Center  
  20  1:56  Supply Depot  
  20  2:00  SCV  
  21  2:05  Marine  
  22  2:19  Barracks  
  22  2:21  Factory  
  22  2:23  SCV  
  22  2:25  Refinery  
  23  2:35  SCV  
  24  2:39  Barracks Reactor  
  24  2:47  SCV  
  25  2:59  SCV  
  25  3:02  Orbital Command  
  26  3:15  Factory Tech Lab  
  26  3:17  Barracks Tech Lab  
  26  3:18  Starport  
  26  3:21  SCV  
  26  3:25  Marine x2  
  29  3:33  SCV  
  30  3:37  SCV  
  31  3:43  Refinery  
  31  3:46  SCV  
  31  3:47  Marine  
  31  3:48  Marine x2  
  35  3:49  SCV  
  35  3:52  Siege Tank  
  39  3:57  Supply Depot  
  39  3:58  SCV  
  39  4:01  SCV  
  41  4:04  Medivac  
  41  4:08  Marine x3  
  46  4:19  SCV  
  46  4:21  Supply Depot  
  47  4:30  Barracks, Marine  
  47  4:31  Marine x2  
  49  4:32  SCV x2  
  49  4:33  Barracks  
  52  4:43  Supply Depot  
  52  4:44  Engineering Bay  
  52  4:46  Engineering Bay  
  52  4:48  Marine x2  
  52  4:52  Stimpack  
  54  4:54  Starport Reactor  
  54  4:58  SCV  
  54  4:59  Marine, SCV  
  57  5:06  Marine x2  
  59  5:08  Supply Depot  
  59  5:11  SCV  
  60  5:18  SCV  
  60  5:20  Barracks Tech Lab, Barracks Reactor  
  61  5:23  SCV  
  62  5:29  Marine x3  
  62  5:30  SCV  
  62  5:32  Refinery, Medivac  
  62  5:35  SCV  
  69  5:39  Medivac  
  69  5:42  Supply Depot  
  71  5:47  Combat Shields  
  71  5:50  Marine  
  71  5:55  SCV x2  
  74  6:01  Marine x3  
  79  6:04  Marauder  
  79  6:06  Supply Depot  
  79  6:10  Marauder  
  81  6:26  Marine x4  
  81  6:28  Marauder  
  81  6:30  Supply Depot  
  81  6:31  Marauder  
  89  6:39  Supply Depot  
  89  6:55  Concussive Shells  
  89  6:56  Marine  
  90  7:05  Command Center  
  90  7:12  Marine x3  
  90  7:13  Marauder, Marine  
  96  7:27  Marine  
  96  7:29  Missile Turret x2  
  90  7:30  Marine  
  90  7:31  Marauder  
  90  7:32  Missile Turret  
  89  7:46  Marine x4  
  89  7:48  Marine  
  89  7:52  Marine  
  90  8:02  Medivac  
  90  8:04  Marine x3  
  92  8:16  Marine x2  
  93  8:22  Marine x2  
  92  9:39  Barracks  
  89  9:58  Missile Turret  
  89  9:59  Missile Turret  
  89  10:00  Missile Turret  
  89  10:04  Missile Turret  
  85  11:03  Factory  
  85  11:45  Command Center  
Tags
 
Add a new tag
Caveats
  • Supply blocks, unpowered buildings, or Contaminate may cause inaccurate times.
  • Supply counts are checked every 10 seconds.